AoeStats
← christar123 ten

Lombardia

510105965Analyzed
2v2 RM · 3d ago on Sep 29, 2026· 38m 49s· 4 players
Game mode
Random Map
Map size
Medium (4 player)
Population
200
Speed
Normal
Resources
Standard
Victory
Conquest
Starting age
Dark Age
Ending age
Imperial Age
RankedLock teamsTeams togetherTeam positionsShared explorationLock speedFull tech treeHidden civsTurbo modeCheats
Victory
Defeat
🇧🇷 Magyars · Brazil
1528
+12
🇧🇷 Italians · Brazil
1454
+16
🇩🇪 Magyars · Germany
1446
-14
🇬🇧 Danes · United Kingdom
1438
-14
christar123 ten
10:26 Feudal Age
11:20 Double-Bit Axe
14:06 Castle Age
12:21 Horse Collar
15:50 Bow Saw
17:07 Loom
23:12 Gold Mining
23:23 Heavy Plow
24:14 Scale Mail Armor
25:03 Wheelbarrow
30:22 Imperial Age
30:23 Chain Mail Armor
30:18 Forging
29:50 Pikeman
30:33 Elite Varangian Guard
31:38 Hand Cart
32:08 Onager
33:11 Stone Mining
34:32 Plate Mail Armor
35:11 Ballistics
35:55 Chemistry
37:07 Iron Casting
36:33 Fletching
38:33 Siege Onager
aswjegk
9:38 Feudal Age
10:19 Double-Bit Axe
10:21 Horse Collar
13:43 Loom
23:01 Scale Barding Armor
25:28 Castle Age
24:10 Bloodlines
26:28 Husbandry
33:09 Town Watch
38:09 Bow Saw
38:04 Heavy Plow
38:35 Fletching
[KMNB] Dedão
7:10 Loom
8:56 Feudal Age
9:57 Double-Bit Axe
13:28 Fletching
14:51 Horse Collar
17:05 Wheelbarrow
22:15 Castle Age
20:38 Padded Archer Armor
20:43 Gold Mining
22:25 Crossbowman
23:09 Bodkin Arrow
23:27 Bow Saw
25:38 Ballistics
26:16 Hand Cart
28:14 Heavy Plow
33:49 Imperial Age
31:47 Town Watch
35:32 Chemistry
33:56 Arbalester
34:46 Bracer
35:57 Leather Archer Armor
35:48 Scale Barding Armor
36:20 Town Patrol
37:14 Bloodlines
37:08 Husbandry
36:28 Light Cavalry
37:26 Thumb Ring
39:26 Caravan
[KMNB] Bandeira
6:42 Loom
9:17 Feudal Age
9:56 Double-Bit Axe
10:39 Horse Collar
14:42 Scale Barding Armor
22:28 Castle Age
24:11 Chain Barding Armor
24:35 Bloodlines
24:25 Husbandry
25:03 Bow Saw
31:27 Gold Mining
31:32 Stone Mining
33:00 Wheelbarrow
32:31 Heavy Plow
39:23 Imperial Age
Connection lost

Rejoining the realm…

Still unreachable

The connection could not be restored.

Session expired

The server has moved on; the page needs a fresh start.